 Dungeon Crawl Stone Soup version 0.18.1-48-g4cf74bf (webtiles) character file.

4937 Inkary the Fighter (level 10, -5/93 HPs)
             Began as a Minotaur Fighter on July 20, 2016.
             Was an Elder of Okawaru.
             Slain by an orc warrior
             ... wielding a +0 halberd
              (18 damage)
             ... in a bailey.
             The game lasted 00:20:35 (8119 turns).

Inkary the Fighter (Minotaur Fighter)               Turns: 8119, Time: 00:20:36

Health: -5/93      AC: 15    Str: 28    XL:     10   Next: 28%
Magic:  10/10      EV: 14    Int:  5    God:    Okawaru [****..]
Gold:   816        SH: 13    Dex: 16    Spells: 0 memorised, 9 levels left

rFire  . . .     SeeInvis .     r - +0 mace (drain)
rCold  + . .     Gourm    .     y - +1 ring mail {rPois}
rNeg   . . .     Faith    .     c - +0 shield
rPois  +         Spirit   .     (helmet restricted)
rElec  .         Dismiss  .     k - +2 cloak {+Inv}
rCorr  +         Reflect  .     D - +0 pair of gloves
SustAt .         Harm     +     (no boots)
MR     .....     Rnd*Tele +     A - amulet of harm
Stlth  ++........               z - ring of resist corrosion
                                o - ring of protection from cold

@: mighty, agile, not resistant to hostile enchantments, unstealthy
A: retaliatory headbutt, beak, horns 2, slimy green scales 1, teleportitis 1
a: Heroism, Renounce Religion, Evoke Invisibility


You were in a bailey.
You worshipped Okawaru.
Okawaru was greatly pleased with you.
You were not hungry.

You visited 1 branch of the dungeon, and saw 9 of its levels.
You also visited: Bailey.

You collected 816 gold pieces.

Inventory:

Hand Weapons
 r - a +0 mace of draining (weapon)
Armour
 c - a +0 shield (worn)
 k - a +2 cloak of invisibility (worn)
 y - a +1 ring mail of poison resistance (worn)
 D - a +0 pair of gloves (worn)
Jewellery
 o - a ring of protection from cold (left hand)
 z - a ring of resist corrosion (right hand)
 A - an amulet of harm (around neck)
Wands
 C - a wand of acid (7/15)
 F - a wand of teleportation (5/9)
Scrolls
 a - 2 scrolls of noise
 b - 2 scrolls of amnesia
 e - a scroll of blinking
 i - 2 scrolls of teleportation
 j - 2 scrolls of magic mapping
 l - a scroll of enchant armour
 q - a scroll of immolation
 t - 2 scrolls of fog
 u - a scroll of recharging {unknown}
 E - a scroll of enchant weapon
 G - 2 scrolls of remove curse
Potions
 g - 2 potions of agility
 m - 2 potions of brilliance
 s - a potion of cancellation
 B - a potion of mutation
Comestibles
 f - 6 bread rations
 h - 5 fruits
 v - 3 meat rations


   Skills:
 + Level 10.0 Fighting
   Level 3.9(6.4) Axes
 - Level 7.9(8.3) Maces & Flails
 + Level 9.6 Armour
 + Level 9.8 Shields
 + Level 2.0 Invocations


You had 9 spell levels left.
You didn't know any spells.

Dungeon Overview and Level Annotations

Branches:
Dungeon (9/15)             Temple (0/1) D:6             Orc (0/2) D:9
   Lair: D:8-11

Altars:
Dithmenos
Gozag
Kikubaaqudgha
Makhleb
Okawaru
Qazlal
Sif Muna
Zin


Innate Abilities, Weirdness & Mutations

You reflexively headbutt those who attack you in melee.
You have a pair of horns on your head.
You have a beak for a mouth.
You are partially covered in slimy green scales (AC +2).
You are occasionally teleported next to monsters.


Message History

* * * LOW HITPOINT WARNING * * *
You hit the orc knight but do no damage.
You headbutt the orc knight!
The orc knight is lightly wounded.
The orc warrior misses you. The orc knight hits you with a halberd.
* * * LOW HITPOINT WARNING * * *
The orc knight roars a battlecry!
The orc warriors go into a battle-frenzy!
The orc knight closely misses you.
You sock the orc knight! You drain the orc knight! You peck the orc knight.
The orc knight is moderately wounded.
The orc warrior suddenly shouts.
The orc warrior hits you but does no damage.
The orc knight barely misses you.
You completely miss the orc knight. Your headbutt misses the orc knight.
Your peck misses the orc knight.
The orc knight is moderately wounded.
You block the orc knight's attack.
The orc warrior hits you from afar with a halberd!
You die...

## ###
##.###########∩#####
#?..##.....##.∩.##..
#?.o#..≈≈≈..#...#..≈
#:.@#.≈≈o≈≈.......≈≈
#...'.≈ooo≈...(...≈o
#}oo#.≈≈o≈≈.((.(..≈≈
#!..#..≈≈≈..#(.(#..≈
#(..##...((##...##..
##.###########∩#####
## ###


You could see 3 orc knights, 3 orc warriors and an orc.

Vanquished Creatures
  A hill giant (D:8)
  An orc knight (Bailey)
  Maurice (D:8)
  Joseph (D:8)
  A wyvern (D:8)
  4 orc warriors
  An ice beast (D:8)
  A sky beast (D:7)
  4 phantoms
  3 ogres
  A big kobold (D:7)
  A wyvern zombie (D:7)
  3 giant frogs
  2 gnoll sergeants
  A wyvern skeleton (D:6)
  2 scorpions
  4 howler monkeys
  4 crimson imps
  2 giant frog zombies
  The ghost of Britaniac the Firebug, a weakling DEFE of Sif Muna (D:3)
  A jelly (D:7)
  A quasit (D:8)
  4 orc priests
  3 hounds
  A gnoll shaman (D:7)
  Crazy Yiuf (D:2)
  5 orc wizards
  2 centaur skeletons
  Jessica (D:2)
  3 iguanas
  3 worker ants
  A hound skeleton (D:8)
  14 gnolls
  8 adders
  4 shadow imps
  An ooze (D:2)
  An adder skeleton (D:7)
  3 worms
  3 dart slugs
  7 giant geckos
  32 orcs
  4 giant cockroaches
  9 hobgoblins
  13 jackals
  A quokka (D:4)
  2 ball pythons
  4 bats
  4 giant newts
  8 goblins
  16 kobolds
  2 quokka skeletons (D:5)
  9 rats
210 creatures vanquished.

Notes
Turn   | Place    | Note
--------------------------------------------------------------
     0 | D:1      | Inkary the Minotaur Fighter began the quest for the Orb.
     0 | D:1      | Reached XP level 1. HP: 19/19 MP: 0/0
   296 | D:1      | Reached skill level 4 in Fighting
   356 | D:1      | Reached XP level 2. HP: 27/27 MP: 1/1
   905 | D:1      | Reached XP level 3. HP: 30/34 MP: 2/2
   986 | D:2      | Noticed Jessica
   995 | D:2      | Killed Jessica
  1143 | D:2      | Reached XP level 4. HP: 10/41 MP: 3/3
  1144 | D:2      | Gained mutation: You have a beak for a mouth. [potion of mutation]
  1144 | D:2      | Gained mutation: You are occasionally teleported next to monsters. [potion of mutation]
  1144 | D:2      | Gained mutation: You are partially covered in slimy green scales (AC +2). [potion of mutation]
  1664 | D:2      | Reached skill level 5 in Fighting
  1708 | D:2      | Noticed Crazy Yiuf
  1717 | D:2      | Killed Crazy Yiuf
  1717 | D:2      | Reached XP level 5. HP: 16/48 MP: 4/4
  1947 | D:3      | Noticed Britaniac's ghost (weakling DEFE)
  1977 | D:3      | Killed Britaniac's ghost
  2025 | D:3      | Reached skill level 1 in Maces & Flails
  2361 | D:3      | Found an iron altar of Okawaru.
  2367 | D:3      | Found a shadowy altar of Dithmenos.
  2370 | D:3      | Became a worshipper of Warmaster Okawaru
  2372 | D:3      | Found a burning altar of Makhleb.
  2373 | D:3      | Found an opulent altar of Gozag.
  2373 | D:3      | Found an ancient bone altar of Kikubaaqudgha.
  2373 | D:3      | Found a deep blue altar of Sif Muna.
  2842 | D:4      | Reached skill level 5 in Shields
  2842 | D:4      | Reached XP level 6. HP: 53/56 MP: 5/5
  2869 | D:4      | Noticed an orc warrior
  2892 | D:4      | Killed an orc warrior
  2892 | D:4      | Reached skill level 5 in Armour
  3065 | D:4      | Found a glowing silver altar of Zin.
  3231 | D:4      | Reached skill level 6 in Fighting
  3258 | D:4      | Reached XP level 7. HP: 62/63 MP: 6/6
  3473 | D:5      | Entered Level 5 of the Dungeon
  4077 | D:6      | Reached * piety under Okawaru
  4100 | D:6      | You fall through a shaft for 2 floors!
  4195 | D:8      | Found an iron altar of Okawaru.
  4403 | D:6      | Reached skill level 7 in Fighting
  4403 | D:6      | Reached XP level 8. HP: 68/73 MP: 7/7
  4413 | D:6      | Found a staircase to the Ecumenical Temple.
  4521 | D:6      | Found a stormy altar of Qazlal.
  4640 | D:6      | Reached ** piety under Okawaru
  4884 | D:6      | Reached skill level 5 in Maces & Flails
  5270 | D:7      | Reached skill level 8 in Fighting
  5358 | D:7      | Reached *** piety under Okawaru
  5358 | D:7      | Reached XP level 9. HP: 66/81 MP: 8/8
  6073 | D:8      | Noticed Maurice
  6147 | D:8      | Noticed Joseph
  6158 | D:8      | Killed Maurice
  6158 | D:8      | Reached skill level 9 in Fighting
  6171 | D:8      | Killed Joseph
  6171 | D:8      | Reached **** piety under Okawaru
  6205 | D:8      | Noticed a hill giant
  6519 | D:8      | Killed a hill giant
  6519 | D:8      | Reached XP level 10. HP: 91/91 MP: 9/9
  7241 | D:9      | Reached skill level 1 in Invocations
  7267 | D:9      | Found a flagged portal.
  7301 | Bailey   | Entered a bailey
  7301 | Bailey   | Noticed an orc knight
  7302 | Bailey   | Noticed an orc knight
  7318 | Bailey   | Noticed an orc knight
  7336 | Bailey   | Killed an orc knight
  7336 | Bailey   | Reached skill level 10 in Fighting
  8112 | Bailey   | Noticed an orc knight
  8112 | Bailey   | Noticed an orc knight
  8119 | Bailey   | Slain by an orc warrior

Skill      XL: |  1  2  3  4  5  6  7  8  9 10 |
---------------+-------------------------------+-----
Fighting       | 4 5 6 7 8 9 10 | 10.0
Axes           | 3 |  3.9
Armour         | 4 5 6 7 9 |  9.6
Shields        | 4 5 6 8 9 |  9.8
Maces & Flails | 1 2 4 5 7 |  7.9
Invocations    | 2 |  2.0

Action                   |  1- 3 |  4- 6 |  7- 9 | 10-12 || total
-------------------------+-------+-------+-------+-------++-------
Melee: War axe           |    73 |    45 |       |       ||   118
       Headbutt          |    13 |    24 |    71 |    14 ||   122
       Peck              |       |    22 |    62 |    11 ||    95
       Mace              |       |   106 |   367 |    54 ||   527
Invok: Heroism           |       |       |       |     1 ||     1
  Use: Scroll            |       |     6 |     1 |     9 ||    16
       Potion            |       |     2 |     1 |     4 ||     7
 Stab: Invisible         |       |       |       |     2 ||     2
  Eat: Chunk             |     1 |     7 |    10 |     2 ||    20
       Beef jerky        |       |       |     1 |       ||     1
       Meat ration       |       |       |       |     1 ||     1
Armor: Scale mail        |    13 |    66 |       |       ||    79
       Robe              |     5 |       |       |       ||     5
       Ring mail         |       |     7 |   155 |    18 ||   180
Dodge: Dodged            |    35 |    48 |   100 |    26 ||   209
Block: Shield            |    40 |    89 |   190 |    65 ||   384
